[Event "Titled Tuesday Blitz March 01 Early 2022"]
[White "Silva, Miguel Antonio Neto"]
[Black "Kucuksari, Kaan"]
[WhiteFideId "1911929"]
[BlackFideId "6380166"]
[WhiteElo "2204"]
[BlackElo "2305"]
[Result "1-0"]
[Round "07"]
[TimeControl "180+1"]
[Date "2022.03.01"]
[WhiteClock "0:01:46"]
[BlackClock "0:02:11"]

1. e4 c5 2. Nf3 Nc6 3. Bb5 g6 4. Bxc6 bxc6 5. O-O Bg7 6. Nc3 e5 7. d3 Ne7 8. a3 d5 9. Na4 c4 10. dxc4 dxe4 11. Qxd8+ Kxd8 12. Ng5 f5 13. Nf7+ Kc7 14. Nxh8 Bxh8 15. Bd2 Be6 16. Ba5+ Kc8 17. b3 Bf6 18. Rfd1 Ng8 19. Rd6 Bd7 20. Rad1 Be8 21. Rd8+ Bxd8 22. Rxd8+ Kb7 23. Nc5# 1-0


[Site "https://www.chess.com"]

[Event "Titled Tuesday Blitz March 01 Early 2022"]
[White "Sinitsina, Anastassia"]
[Black "Vantika, Agrawal"]
[WhiteFideId "4504640"]
[BlackFideId "25050389"]
[WhiteElo "2144"]
[BlackElo "2075"]
[Result "0-1"]
[Round "07"]
[TimeControl "180+1"]
[Date "2022.03.01"]
[WhiteClock "0:00:10"]
[BlackClock "0:00:38"]

1. Nf3 Nf6 2. g3 g6 3. Bg2 Bg7 4. O-O O-O 5. d4 d6 6. c4 Nbd7 7. b3 e5 8. dxe5 dxe5 9. Bb2 e4 10. Ne1 Re8 11. Nc2 c6 12. Nc3 a5 13. Ne3 Qc7 14. Qc2 Nc5 15. Rad1 h5 16. a3 Qe7 17. b4 axb4 18. axb4 Ncd7 19. c5 b6 20. Ra1 Rxa1 21. Rxa1 bxc5 22. b5 cxb5 23. Nxb5 Bb7 24. Ra7 Bc6 25. Nc3 Qe6 26. Ra6 Nb8 27. Rb6 Nfd7 28. Rb3 Na6 29. Ra3 Nb4 30. Qd1 Nb6 31. Ra5 Qe7 32. Qa1 Bd4 33. Ncd1 Rd8 34. Bc3 Kh7 35. Qc1 Qe6 36. Bxb4 cxb4 37. Ra6 Bb5 38. Ra7 Bxe2 39. Qc7 Rd7 40. Qb8 Be5 0-1


[Site "https://www.chess.com"]

[Event "Titled Tuesday Blitz March 01 Early 2022"]
[White "Siva Mahadevan"]
[Black "Melian, Juan Sebastian"]
[WhiteFideId "25043153"]
[BlackFideId "3706575"]
[WhiteElo "2203"]
[BlackElo "1842"]
[Result "1-0"]
[Round "07"]
[TimeControl "180+1"]
[Date "2022.03.01"]
[WhiteClock "0:00:05"]
[BlackClock "0:00:03"]

1. e4 c5 2. Nf3 e6 3. d4 cxd4 4. Nxd4 a6 5. Nc3 b5 6. Bd3 Qb6 7. Nf3 Qc7 8. O-O d6 9. Re1 Bb7 10. a4 b4 11. Na2 Nc6 12. Bd2 Qb6 13. c3 bxc3 14. Nxc3 Nf6 15. a5 Qd8 16. Na4 Be7 17. Nb6 Rb8 18. Bc3 O-O 19. Qa4 Nd7 20. Nxd7 Qxd7 21. Rac1 Rfc8 22. Red1 Ne5 23. Qxd7 Nxd7 24. Bd4 Bd8 25. b4 Be7 26. Be3 Nf6 27. Nd2 d5 28. e5 Nd7 29. b5 Nxe5 30. bxa6 Nxd3 31. axb7 Nxc1 32. bxc8=Q+ Rxc8 33. a6 d4 34. Nc4 dxe3 35. Rxc1 e2 36. f3 g6 37. Kf2 Bc5+ 38. Kxe2 Ra8 39. Ra1 Kf8 40. Ra4 Ke7 41. Ne5 f6 42. Nd3 Kd6 43. h4 Bb6 44. h5 Kc6 45. hxg6 hxg6 46. Rg4 g5 47. Re4 e5 48. Rc4+ Kb5 49. Rc1 Rxa6 50. Rb1+ Kc4 51. Rb4+ Kd5 52. Rb2 Bd4 53. Rc2 Ke6 54. Nb4 Ra4 55. Nc6 Kf5 56. Ne7+ Ke6 57. Nc8 Ra6 58. g4 Kd7 59. Rc4 Ra2+ 60. Kd3 Ra3+ 61. Ke4 Re3+ 62. Kd5 Rxf3 63. Nd6 Rd3 64. Ke4 Rd1 65. Nf5 Bg1 66. Rc2 Ke6 67. Rc6+ Kf7 68. Rc7+ Kf8 69. Rc8+ 1-0


[Site "https://www.chess.com"]

[Event "Titled Tuesday Blitz March 01 Early 2022"]
[White "Sliwicki, Damian"]
[Black "Nozdrachev, Leonid"]
[WhiteFideId "1127128"]
[BlackFideId "24113433"]
[WhiteElo "2084"]
[BlackElo "2124"]
[Result "1-0"]
[Round "07"]
[TimeControl "180+1"]
[Date "2022.03.01"]
[WhiteClock "0:01:21"]
[BlackClock "0:01:41"]

1. d4 d6 2. e4 Nf6 3. Nc3 e5 4. Nf3 Nbd7 5. Bc4 Be7 6. a4 O-O 7. O-O c6 8. h3 Qc7 9. Ba2 Re8 10. Be3 Nf8 11. Qe2 Be6 12. d5 cxd5 13. Nxd5 Bxd5 14. exd5 Rec8 15. c3 N8d7 16. Rad1 Qb8 17. Bb1 Bd8 18. Kh1 h6 19. Nh4 Bb6 20. Nf5 Re8 21. Bxh6 gxh6 22. Qd2 Nh5 23. Qxh6 Ndf6 24. g4 1-0


[Site "https://www.chess.com"]

[Event "Titled Tuesday Blitz March 01 Early 2022"]
[White "Sovetbekova, Nurai"]
[Black "Polster, Christian"]
[WhiteFideId "13801910"]
[BlackFideId "12965081"]
[WhiteElo "1545"]
[BlackElo "2304"]
[Result "1-0"]
[Round "07"]
[TimeControl "180+1"]
[Date "2022.03.01"]
[WhiteClock "0:00:48"]
[BlackClock "0:00:05"]

1. d4 d5 2. c4 e6 3. Nf3 c6 4. g3 Nf6 5. Bg2 Nbd7 6. O-O Be7 7. Qc2 Ne4 8. Nbd2 f5 9. c5 O-O 10. b4 a5 11. b5 cxb5 12. Rb1 b4 13. a3 Nc3 14. Rb3 Nxe2+ 15. Kh1 Nxc1 16. Rxc1 bxa3 17. Rxa3 b6 18. Rc3 bxc5 19. dxc5 Qc7 20. Nb3 a4 21. Nbd4 Nb8 22. Qe2 Bf6 23. Nxe6 Qe7 24. Re3 Bxe6 25. Rxe6 Qc7 26. Ne5 Rd8 27. Qa2 Bxe5 28. Bxd5 Rxd5 29. Qxd5 Kf8 30. Rxe5 Ra5 31. Rxf5+ Ke8 32. Re1+ Qe5 33. Rexe5# 1-0


[Site "https://www.chess.com"]

[Event "Titled Tuesday Blitz March 01 Early 2022"]
[White "Svane, Frederik"]
[Black "Horobetz, Graham"]
[WhiteFideId "12923044"]
[BlackFideId "2047322"]
[WhiteElo "2459"]
[BlackElo "2617"]
[Result "0-1"]
[Round "07"]
[TimeControl "180+1"]
[Date "2022.03.01"]
[WhiteClock "0:00:02"]
[BlackClock "0:00:12"]

1. e4 c5 2. Nf3 d6 3. Nc3 Nf6 4. d4 cxd4 5. Nxd4 a6 6. Be3 e5 7. Nf3 Be7 8. Bc4 Be6 9. Bb3 Nbd7 10. O-O Qc7 11. Ng5 Bxb3 12. cxb3 h6 13. Nf3 Nc5 14. Rc1 Qc6 15. Bxc5 dxc5 16. Nxe5 Qe6 17. Nc4 Rd8 18. Qf3 b5 19. Ne3 O-O 20. Ned5 Rfe8 21. Rfe1 Rd7 22. h3 Red8 23. Qe2 Bf8 24. Nxf6+ Qxf6 25. Nd5 Qe6 26. a4 bxa4 27. bxa4 f5 28. Qc4 Kh8 29. Ne3 Qxe4 30. Qxa6 Qb4 31. Nxf5 Qxb2 32. Qe6 Rd2 33. Rb1 Qa2 34. Qxa2 Rxa2 35. Ra1 Rdd2 36. Nh4 Kh7 37. a5 c4 38. a6 Bc5 39. Rxa2 Rxa2 40. Kf1 Rxf2+ 41. Kg1 Rf4+ 42. Kh2 Rxh4 43. Re5 Bd4 44. Re6 c3 45. Rc6 Rh5 46. a7 Bxa7 47. Rxc3 Rc5 48. Rb3 Rc6 49. Kg3 Bb6 50. Kf3 Bc7 51. Rb5 Rf6+ 52. Ke2 Re6+ 53. Kf2 Re5 54. Rb7 Bd6 55. Rd7 Bc5+ 56. Kf3 Re7 57. Rd5 Bb6 58. Kg3 Bc7+ 59. Kf3 Kg6 60. Rc5 Kf6 61. Rc6+ Kf7 62. Rc5 Be5 63. Rd5 Bf6 64. Rb5 Re5 65. Rb7+ Ke6 66. Rb6+ Kf5 67. Rb4 h5 68. g4+ hxg4+ 69. Rxg4 Rc5 70. Rb4 Rc3+ 71. Kg2 Be5 72. Rg4 g5 73. Rb4 Rg3+ 74. Kf2 Rxh3 75. Ra4 Rc3 76. Kg2 g4 77. Rb4 Ra3 78. Rc4 Rb3 79. Ra4 Rb2+ 80. Kf1 Bf4 81. Rc4 Kg5 82. Kg1 g3 83. Re4 Kg4 84. Re8 Kf3 85. Rf8 Rb1# 0-1


[Site "https://www.chess.com"]

[Event "Titled Tuesday Blitz March 01 Early 2022"]
[White "Tarhan, Adar"]
[Black "Zheenbekov, Nurgazy"]
[WhiteFideId "34544712"]
[BlackFideId "13800485"]
[WhiteElo "1802"]
[BlackElo "1959"]
[Result "0-1"]
[Round "07"]
[TimeControl "180+1"]
[Date "2022.03.01"]
[WhiteClock "0:00:38"]
[BlackClock "0:00:13"]

1. d4 Nf6 2. Bg5 d5 3. Bxf6 exf6 4. e3 c6 5. Nf3 Bd6 6. c4 dxc4 7. Bxc4 O-O 8. O-O f5 9. Nc3 Nd7 10. Bd3 Nf6 11. h3 g6 12. Qc2 Re8 13. Rfb1 Be6 14. b4 a6 15. a4 Nd5 16. Nxd5 Bxd5 17. Nd2 Bb8 18. Bc4 Qd6 19. Bxd5 Qh2+ 20. Kf1 cxd5 21. Nf3 Qh1+ 22. Ke2 Qxg2 23. Rg1 Qxh3 24. Qb3 Bf4 25. Rh1 Qg2 26. Rag1 Rxe3+ 27. Qxe3 Qxg1 28. Rxg1 Bxe3 29. fxe3 Rc8 30. Kd3 h5 31. Ne5 h4 32. Nd7 Kg7 33. Nb6 Rd8 34. a5 Kf6 35. Na4 g5 36. Nc5 h3 37. Ke2 g4 38. Kf2 Re8 39. Re1 f4 40. Nd7+ Kf5 41. Ne5 f6 42. Nd3 Rxe3 43. Rxe3 fxe3+ 44. Kg3 Ke4 45. Ne1 f5 46. Nc2 f4+ 47. Kxg4 h2 0-1


[Site "https://www.chess.com"]

[Event "Titled Tuesday Blitz March 01 Early 2022"]
[White "Tasev, Dejan"]
[Black "Gutenev, Alexander"]
[WhiteFideId "936618"]
[BlackFideId "4195540"]
[WhiteElo "2253"]
[BlackElo "2403"]
[Result "1/2-1/2"]
[Round "07"]
[TimeControl "180+1"]
[Date "2022.03.01"]
[WhiteClock "0:00:16"]
[BlackClock "0:00:15"]

1. e4 c5 2. Nf3 Nc6 3. Nc3 d6 4. d4 cxd4 5. Nxd4 Nf6 6. Bc4 Na5 7. Bb3 g6 8. f3 Bg7 9. Be3 O-O 10. Qd2 Bd7 11. h4 Rc8 12. O-O-O Nc4 13. Bxc4 Rxc4 14. h5 b5 15. hxg6 fxg6 16. Bh6 Bxh6 17. Qxh6 Rxc3 18. bxc3 Qa5 19. Kb2 Rc8 20. Qe3 b4 21. cxb4 Qe5 22. Qb3+ Kg7 23. c3 a5 24. a3 a4 25. Qc2 d5 26. exd5 Nxd5 27. Qd2 Ne3 28. Ka1 Nxd1 29. Qh6+ Kf6 30. Rxd1 Rxc3 31. Qf8+ Kg5 32. f4+ Qxf4 33. Qxe7+ Qf6 34. Qxf6+ Kxf6 35. Kb2 Rg3 36. Rd2 h5 37. b5 Bxb5 38. Nxb5 Rb3+ 39. Kc2 Rxb5 40. Rd4 Ra5 41. Kc3 Ke5 42. Rd8 Kf4 43. Kb4 Ra7 44. Rd3 g5 45. Rf3+ Kg4 46. Rd3 h4 47. Rc3 Kf4 48. Rf3+ Ke4 49. Rc3 g4 50. Rc4+ Kf5 51. Rc3 Kf4 52. Rd3 h3 53. gxh3 g3 54. h4 Kg4 55. h5 g2 56. Rd1 Kf3 57. h6 Ke2 58. Rc1 Kf2 59. Rc2+ Kg3 60. Rc3+ Kh2 61. Rc2 Kh1 62. Rc1+ g1=Q 63. Rxg1+ Kxg1 64. h7 Rxh7 65. Kxa4 Ra7+ 66. Kb4 Kf2 67. a4 Ke3 68. a5 Kd4 69. Kb5 Kd5 70. Kb6 Rh7 71. a6 Rh6+ 72. Kb5 Rh1 73. a7 Ra1 74. Kb6 Kd6 75. Kb7 Rb1+ 76. Kc8 Rh1 77. a8=Q Rh8+ 78. Kb7 Rxa8 79. Kxa8 1/2-1/2


[Site "https://www.chess.com"]

[Event "Titled Tuesday Blitz March 01 Early 2022"]
[White "Tashkov, Rumen"]
[Black "Moreira, Ronaldo Alonso"]
[WhiteFideId "2904004"]
[BlackFideId "2110547"]
[WhiteElo "2181"]
[BlackElo "2037"]
[Result "1-0"]
[Round "07"]
[TimeControl "180+1"]
[Date "2022.03.01"]
[WhiteClock "0:00:07"]
[BlackClock "0:00:01"]

1. d4 Nf6 2. c4 e6 3. g3 d5 4. Nf3 dxc4 5. Bg2 c5 6. O-O Nc6 7. dxc5 Qxd1 8. Rxd1 Bxc5 9. Nbd2 c3 10. bxc3 O-O 11. Nb3 Be7 12. Nfd4 Bd7 13. Nb5 Rfd8 14. Be3 Ne5 15. Nd6 Bxd6 16. Rxd6 Nc4 17. Rd3 Nxe3 18. Rxe3 Bc6 19. Bxc6 bxc6 20. Re5 Rd5 21. Re3 Rad8 22. Kg2 Rd1 23. Rxd1 Rxd1 24. Rd3 Rxd3 25. exd3 Kf8 26. Kf3 Ke7 27. h3 Kd6 28. Ke3 Nd5+ 29. Kd2 Nf6 30. c4 Nd7 31. Kc3 Ne5 32. d4 Nf3 33. Kb4 Ng1 34. Ka5 Nxh3 35. Ka6 Nxf2 36. Kxa7 g5 37. a4 h5 38. a5 Nd3 39. Nd2 h4 40. gxh4 gxh4 41. Nf3 h3 42. a6 Nb4 43. Kb7 1-0


[Site "https://www.chess.com"]

[Event "Titled Tuesday Blitz March 01 Early 2022"]
[White "Terzi, Alexei"]
[Black "Costachi, Mihnea"]
[WhiteFideId "13505076"]
[BlackFideId "1217518"]
[WhiteElo "2031"]
[BlackElo "2464"]
[Result "0-1"]
[Round "07"]
[TimeControl "180+1"]
[Date "2022.03.01"]
[WhiteClock "0:00:03"]
[BlackClock "0:00:13"]

1. e4 c5 2. Nc3 Nc6 3. f4 e6 4. Nf3 d5 5. Bb5 d4 6. Ne2 Nf6 7. Bxc6+ bxc6 8. d3 Be7 9. b3 a5 10. a4 Nd7 11. O-O f6 12. Nd2 Ba6 13. f5 e5 14. Nf3 g5 15. fxg6 hxg6 16. Ng3 Nf8 17. h3 Bc8 18. Bd2 Be6 19. Qe2 Qd7 20. Rf2 Bd8 21. Raf1 Ra7 22. Nh2 Qc8 23. Rf3 Rah7 24. R1f2 Rh4 25. Kf1 Qd7 26. Ke1 Qh7 27. Kd1 Kd7 28. Kc1 Kc8 29. Qe1 Qc7 30. Ne2 Kb7 31. Nf1 Ka6 32. Nfg3 Qb7 33. Kb2 Nd7 34. Qd1 Nb6 35. Ka1 Be7 36. Nc1 Rb8 37. Qe1 Nxa4 38. Bxa5 Qb5 39. Bd2 c4 40. dxc4 Qc5 41. bxa4 Qxc4 42. Qe2 Qxe2 43. Rxe2 c5 44. Ref2 c4 45. Rxf6 Bxf6 46. Rxf6 Rb6 47. Bg5 Rh8 48. Rxg6 Rhb8 49. Ka2 c3+ 50. Ka3 Bc4 51. Rxb6+ Rxb6 52. Nf5 Rb2 53. Nd6 Be6 54. Nd3 Ra2+ 55. Kb4 Kb6 56. a5+ Kc6 57. Nc4 Rxc2 58. Ndxe5+ Kb7 59. Nd6+ Ka6 60. Nc6 Rb2+ 61. Kc5 c2 62. Nxd4 Bb3 63. Nxc2 Rxc2+ 64. Kd4 Rxg2 65. Ke5 Rxg5+ 66. Nf5 Rh5 67. Kf6 Rxh3 68. e5 Rf3 69. e6 Bc2 70. e7 Bxf5 0-1


[Site "https://www.chess.com"]

[Event "Titled Tuesday Blitz March 01 Early 2022"]
[White "Thomas, Anysia"]
[Black "Poormosavi, Seyed Kian"]
[WhiteFideId "670472"]
[BlackFideId "12585807"]
[WhiteElo "2002"]
[BlackElo "2116"]
[Result "0-1"]
[Round "07"]
[TimeControl "180+1"]
[Date "2022.03.01"]
[WhiteClock "0:00:01"]
[BlackClock "0:00:30"]

1. d4 Nf6 2. c4 e6 3. Nf3 d5 4. g3 dxc4 5. Bg2 Bd7 6. O-O Bc6 7. Nbd2 b5 8. Qc2 Be7 9. a4 a6 10. b3 cxb3 11. Qxb3 O-O 12. axb5 Bxb5 13. Re1 Nc6 14. Bb2 Qd5 15. Qc2 Nb4 16. Qxc7 Bd6 17. Qa5 Bc6 18. Qxd5 Bxd5 19. Rec1 Rfc8 20. Rxc8+ Rxc8 21. Ne5 Bxg2 22. Kxg2 Rc2 23. Ndc4 Bxe5 24. dxe5 Ne4 25. Bd4 Rxc4 26. Be3 h6 27. h4 Nc2 28. Rxa6 Nxe3+ 29. fxe3 Kh7 30. Kf3 h5 31. Ra7 Kg6 32. Ra6 Nd2+ 33. Kf2 Re4 34. Ra5 Rg4 35. Rb5 Ne4+ 36. Kf3 Nxg3 37. Rb1 Nf5 38. e4 Nxh4+ 39. Ke3 Ng2+ 40. Kd4 h4 41. Rh1 Kg5 42. Rh3 Nf4 43. Rf3 Nxe2+ 0-1


[Site "https://www.chess.com"]

[Event "Titled Tuesday Blitz March 01 Early 2022"]
[White "Timofeev, Artyom"]
[Black "Martinez Alcantara, Jose Eduardo"]
[WhiteFideId "4140419"]
[BlackFideId "3805662"]
[WhiteElo "2583"]
[BlackElo "2690"]
[Result "0-1"]
[Round "07"]
[TimeControl "180+1"]
[Date "2022.03.01"]
[WhiteClock "0:00:16"]
[BlackClock "0:00:32"]

1. c4 c5 2. Nc3 Nc6 3. g3 g6 4. Bg2 Bg7 5. Nf3 d6 6. O-O e6 7. d3 Nge7 8. Rb1 O-O 9. a3 b6 10. Bd2 Bb7 11. b4 Rb8 12. h3 h6 13. Re1 Nd4 14. e3 Nxf3+ 15. Bxf3 Bxf3 16. Qxf3 Qd7 17. Red1 Nc6 18. Be1 Rbc8 19. Ne4 f5 20. Nd2 Kh7 21. Qe2 Rce8 22. Nf3 e5 23. Kh2 Re7 24. b5 Nd8 25. Nh4 g5 26. Ng2 f4 27. f3 Ne6 28. g4 fxe3 29. Qxe3 Ref7 30. Qe4+ Kh8 31. Bg3 Rxf3 32. Ne3 R3f7 33. Rf1 Nf4 34. Nf5 Rxf5 35. gxf5 Rxf5 36. Bxf4 exf4 37. Kg2 Re5 38. Qa8+ Re8 39. Qf3 Re3 40. Qa8+ Kh7 41. Rbe1 Qxh3+ 0-1


[Site "https://www.chess.com"]

[Event "Titled Tuesday Blitz March 01 Early 2022"]
[White "Todorovic, Bojan"]
[Black "Martin Duque, Jesus"]
[WhiteFideId "917087"]
[BlackFideId "2208954"]
[WhiteElo "2266"]
[BlackElo "2243"]
[Result "0-1"]
[Round "07"]
[TimeControl "180+1"]
[Date "2022.03.01"]
[WhiteClock "0:00:06"]
[BlackClock "0:01:26"]

1. Nf3 Nf6 2. g3 b6 3. Bg2 Bb7 4. O-O c5 5. c4 g6 6. Nc3 Bg7 7. d3 Nc6 8. Bf4 d6 9. Qc1 h6 10. Bd2 e5 11. a3 Qd7 12. Rb1 Nd4 13. Nxd4 Bxg2 14. Kxg2 cxd4 15. Na2 Rc8 16. Qd1 d5 17. b3 h5 18. Bg5 h4 19. Bxf6 Bxf6 20. Rh1 e4 21. cxd5 Qxd5 22. Nb4 h3+ 23. Kf1 Qb7 24. dxe4 Qxe4 25. f3 Qe6 26. Qd2 Rc3 27. Nd3 Rxb3 28. Rxb3 Qxb3 29. Kf2 O-O 30. Qf4 Bg7 31. Qd6 Re8 32. Rc1 Bf8 33. Qd7 Re3 34. Rc8 Qxa3 35. Rc7 Re7 36. Qd8 Rxc7 37. Qxc7 b5 38. Ne5 Qe7 39. Qb8 a5 40. Qxb5 Qc5 41. Qe8 d3+ 42. e3 Qc2+ 43. Kf1 Qe2+ 44. Kg1 Qe1# 0-1


[Site "https://www.chess.com"]

[Event "Titled Tuesday Blitz March 01 Early 2022"]
[White "Tologon tegin, Semetei"]
[Black "Guseva, Marina"]
[WhiteFideId "13800574"]
[BlackFideId "4149351"]
[WhiteElo "2258"]
[BlackElo "2232"]
[Result "1-0"]
[Round "07"]
[TimeControl "180+1"]
[Date "2022.03.01"]
[WhiteClock "0:00:11"]
[BlackClock "0:00:02"]

1. e4 c5 2. Nc3 d6 3. Bc4 Nf6 4. f4 Nc6 5. Nf3 g6 6. e5 d5 7. Bb5 Nh5 8. d4 Bg4 9. h3 Bxf3 10. Qxf3 e6 11. Be3 cxd4 12. Bxd4 Qh4+ 13. Qf2 Qxf2+ 14. Kxf2 Nxf4 15. g3 Nh5 16. g4 Nf4 17. Be3 g5 18. Bxf4 gxf4 19. Kf3 Bg7 20. Kxf4 Bxe5+ 21. Kf3 Bxc3 22. bxc3 Ke7 23. Bxc6 bxc6 24. Rab1 Rab8 25. Ke3 Rb6 26. Rb4 Rhb8 27. Ra4 R8b7 28. Rf1 Rb2 29. Kd3 c5 30. Raf4 Kf8 31. Ra4 Kg7 32. Ra5 c4+ 33. Kd2 h6 34. Ra6 Kg6 35. h4 R2b6 36. Ra5 a6 37. Rc5 Rb5 38. Rc8 Kg7 39. Ra8 Ra5 40. Ra1 Rb2 41. a4 Rb7 42. Kc1 Rb6 43. Ra7 Rc5 44. a5 Rbc6 45. Rb7 1-0


[Site "https://www.chess.com"]

[Event "Titled Tuesday Blitz March 01 Early 2022"]
[White "Tomiello, Mateus Costamilan"]
[Black "Selkirk, Rebecca"]
[WhiteFideId "22701958"]
[BlackFideId "14306514"]
[WhiteElo "1975"]
[BlackElo "1649"]
[Result "1-0"]
[Round "07"]
[TimeControl "180+1"]
[Date "2022.03.01"]
[WhiteClock "0:00:07"]
[BlackClock "0:00:31"]

1. e4 c6 2. d4 d5 3. Nc3 dxe4 4. Nxe4 Nd7 5. Ng5 Ngf6 6. Bd3 e6 7. Qe2 Nb6 8. N1f3 Be7 9. O-O O-O 10. c3 h6 11. Ne4 Nbd5 12. Ne5 Nxe4 13. Qxe4 Nf6 14. Qe2 c5 15. Be3 b6 16. Nc6 Qc7 17. Nxe7+ Qxe7 18. dxc5 bxc5 19. Rfd1 Bb7 20. f3 Nd5 21. Bd2 Rad8 22. Be4 Rfe8 23. Be1 Nf6 24. Bc2 Nd5 25. Qe4 Qg5 26. h4 Qe3+ 27. Bf2 Qxe4 28. Bxe4 Ba8 29. Bxc5 Nf4 30. Bc2 Rb8 31. b3 Ne2+ 32. Kf2 Nxc3 33. Rd7 Nd5 34. Rxa7 Rbc8 35. b4 Nxb4 36. Rxa8 Rxa8 37. Bxb4 Rec8 38. Bb3 Rab8 39. Bd6 Ra8 40. Be5 Rc5 41. Bd4 Rb5 42. Rd1 Rd8 43. Ke2 e5 44. Be3 Rxd1 45. Kxd1 Kf8 46. Kc2 Ke7 47. Kc3 f6 48. a4 Rb8 49. Bc5+ Kd7 50. Bc4 Kc6 51. Be3 Ra8 52. Kb4 Rb8+ 53. Bb5+ Kc7 54. a5 g5 55. hxg5 hxg5 56. a6 Ra8 57. a7 Kb7 58. Bd3 Rd8 59. Be4+ Ka6 60. a8=Q+ Rxa8 61. Bxa8 f5 62. Bxg5 e4 63. fxe4 fxe4 64. Bxe4 Kb6 65. Kc4 Kc7 66. Kd5 Kd7 67. Bf5+ Ke8 68. Ke6 Kf8 69. Bh6+ Kg8 70. Bg6 Kh8 71. Kf6 Kg8 72. Bh5 Kh8 73. Bg7+ Kg8 74. Bf7+ Kh7 75. Bg6+ Kg8 76. Bh6 Kh8 77. g4 Kg8 78. Kg5 Kh8 79. Kh5 Kg8 80. Bf5 Kh8 81. g5 Kg8 82. g6 Kh8 83. g7+ Kg8 84. Be6+ Kh7 85. g8=Q# 1-0


[Site "https://www.chess.com"]

[Event "Titled Tuesday Blitz March 01 Early 2022"]
[White "Tsyhanchuk, Stanislav"]
[Black "Urazayev, Arystanbek"]
[WhiteFideId "13505130"]
[BlackFideId "13709810"]
[WhiteElo "2078"]
[BlackElo "2321"]
[Result "0-1"]
[Round "07"]
[TimeControl "180+1"]
[Date "2022.03.01"]
[WhiteClock "0:00:06"]
[BlackClock "0:01:14"]

1. d4 d5 2. c4 dxc4 3. e4 b5 4. a4 c6 5. axb5 cxb5 6. Nc3 a6 7. Nxb5 axb5 8. Rxa8 Bb7 9. Ra1 e6 10. f3 f5 11. Nh3 Nf6 12. e5 Nd5 13. Bd2 Qh4+ 14. Nf2 Qxd4 15. Bc3 Qb6 16. Be2 Bc5 17. O-O Ne3 18. Qc1 Nxf1 19. Qxf1 O-O 20. Ba5 Qc6 21. Kh1 Nd7 22. Rd1 Nxe5 23. Nh3 Ng6 24. Ng5 h6 25. Nh3 e5 26. Bc3 Kh7 27. b3 b4 28. Bb2 c3 29. Bc1 e4 30. f4 Qf6 31. Bc4 Rd8 32. Ng5+ hxg5 33. fxg5 Qe7 34. Qe2 Nf4 35. Bxf4 g6 36. h4 Rxd1+ 37. Qxd1 e3 38. h5 Qe4 39. hxg6+ Kxg6 40. Bf7+ Kxf7 41. Qh5+ Ke6 42. Qe8+ Be7 43. Qg8+ Kd7 44. Qe8+ Kxe8 45. Kg1 Qxg2# 0-1


[Site "https://www.chess.com"]

[Event "Titled Tuesday Blitz March 01 Early 2022"]
[White "Valle Maytin, Luis Enrique"]
[Black "Quirke, Jeffrey"]
[WhiteFideId "3503666"]
[BlackFideId "2013029"]
[WhiteElo "2042"]
[BlackElo "2145"]
[Result "0-1"]
[Round "07"]
[TimeControl "180+1"]
[Date "2022.03.01"]
[WhiteClock "0:00:15"]
[BlackClock "0:00:11"]

1. e4 c5 2. Nf3 e6 3. d4 cxd4 4. Nxd4 a6 5. Nc3 b5 6. a3 Bb7 7. Be3 Qc7 8. Be2 Nf6 9. O-O d6 10. f4 Nbd7 11. Bf3 Be7 12. Qd2 O-O 13. f5 e5 14. Nb3 Rac8 15. Rac1 Rfe8 16. g4 d5 17. Nxd5 Nxd5 18. exd5 e4 19. Bg2 Bd6 20. h3 Ne5 21. Nd4 Nc4 22. Qf2 Nxb2 23. c3 Nc4 24. Qe2 Bxd5 25. Rfd1 Bb7 26. f6 g6 27. Qf2 Bxa3 28. Ra1 Bf8 29. Re1 Ne5 30. Qh4 Nf3+ 31. Bxf3 exf3 32. Bh6 Qc5 33. Bxf8 Qxf8 34. Qg5 h6 35. Qf4 Kh7 36. h4 Qc5 37. h5 f2+ 38. Kxf2 Qd5 39. hxg6+ fxg6 40. Rxe8 Qg2+ 41. Ke3 Rxe8+ 42. Kd3 Be4+ 43. Qxe4 Qxe4+ 44. Kd2 Qe3+ 45. Kc2 Rc8 46. Ra3 b4 47. Rxa6 Rxc3+ 48. Kb2 Qxd4 49. Ka2 Qd2+ 50. Kb1 Rc1# 0-1


[Site "https://www.chess.com"]

[Event "Titled Tuesday Blitz March 01 Early 2022"]
[White "Van Foreest, Jorden"]
[Black "Obolenskikh, Dmitry"]
[WhiteFideId "1039784"]
[BlackFideId "4156013"]
[WhiteElo "2609"]
[BlackElo "2512"]
[Result "1-0"]
[Round "07"]
[TimeControl "180+1"]
[Date "2022.03.01"]
[WhiteClock "0:02:41"]
[BlackClock "0:02:08"]

1. Nf3 d5 2. b3 Bg4 3. Bb2 Bxf3 4. exf3 Nd7 5. f4 e6 6. g3 Ngf6 7. Bg2 Bd6 8. O-O O-O 9. d3 Qe7 10. Re1 Bb4 11. Re2 Rfe8 12. a3 Bd6 13. Nd2 Qf8 14. Nf3 a5 15. Ne5 c6 16. a4 Bb4 17. h4 h5 18. Nf3 g6 19. Ng5 Be7 20. Bh3 Nh7 21. Nxe6 1-0


[Site "https://www.chess.com"]

[Event "Titled Tuesday Blitz March 01 Early 2022"]
[White "Vlassov, Nikolai"]
[Black "Ter-Sahakyan, Samvel"]
[WhiteFideId "4103360"]
[BlackFideId "13302531"]
[WhiteElo "2407"]
[BlackElo "2592"]
[Result "0-1"]
[Round "07"]
[TimeControl "180+1"]
[Date "2022.03.01"]
[WhiteClock "0:00:45"]
[BlackClock "0:01:15"]

1. e4 c6 2. d4 d5 3. e5 Bf5 4. Nc3 e6 5. g4 Bg6 6. Nge2 h5 7. Nf4 Bh7 8. Nxh5 c5 9. dxc5 Nc6 10. Bb5 Bxc5 11. Nxg7+ Kf8 12. Nxe6+ fxe6 13. Qf3+ Ke8 14. Bxc6+ bxc6 15. Bf4 Rb8 16. O-O-O Qa5 17. h4 Qb4 18. b3 Qa3+ 19. Kd2 Bb4 20. Ke2 Qb2 21. Bd2 Qxc2 22. Kf1 Bxc3 23. Bxc3 Be4 0-1


[Site "https://www.chess.com"]

[Event "Titled Tuesday Blitz March 01 Early 2022"]
[White "Vusatiuk, Vladimir"]
[Black "Mikhalsky, Vladimir"]
[WhiteFideId "14118610"]
[BlackFideId "14144352"]
[WhiteElo "2157"]
[BlackElo "2248"]
[Result "0-1"]
[Round "07"]
[TimeControl "180+1"]
[Date "2022.03.01"]
[WhiteClock "0:00:01"]
[BlackClock "0:00:15"]

1. Nf3 c5 2. h4 Nc6 3. d3 e5 4. h5 d5 5. c3 f6 6. Qc2 Bg4 7. Nbd2 Qd7 8. e4 Nge7 9. g3 O-O-O 10. Bg2 Kb8 11. Nb3 b6 12. a4 c4 13. dxc4 dxe4 14. Nfd2 f5 15. c5 Nc8 16. cxb6 Nxb6 17. O-O Be2 18. a5 Bd3 19. Qd1 Nc4 20. Re1 Be7 21. Ra4 Nxd2 22. Nxd2 Bb5 23. Qb3 Qb7 24. a6 Qb6 25. Nc4 Bxc4 26. Qxc4 Bc5 27. Be3 Bxe3 28. fxe3 Rd2 29. b4 Rhd8 30. b5 Ne7 31. Qf7 Qf6 32. Qxf6 gxf6 33. c4 Rc2 34. Bh3 Kc7 35. Rf1 Kb6 36. Bxf5 Nxf5 37. Rxf5 Rd1+ 38. Rf1 Rd6 39. h6 Kc5 40. Raa1 Kxc4 41. Rac1 Kc3 42. Rxc2+ Kxc2 43. Kg2 Kd2 44. Kf2 Rb6 0-1


[Site "https://www.chess.com"]

[Event "Titled Tuesday Blitz March 01 Early 2022"]
[White "Wahedi, Ahmad Siar"]
[Black "Kadam, Om Manish"]
[WhiteFideId "4651260"]
[BlackFideId "45076294"]
[WhiteElo "2360"]
[BlackElo "1729"]
[Result "0-1"]
[Round "07"]
[TimeControl "180+1"]
[Date "2022.03.01"]
[WhiteClock "0:00:21"]
[BlackClock "0:00:21"]

1. c4 c6 2. e4 d5 3. cxd5 cxd5 4. exd5 Nf6 5. Nc3 Nxd5 6. Bc4 Nxc3 7. bxc3 Nc6 8. Nf3 g6 9. d4 Bg7 10. O-O O-O 11. h3 b6 12. Re1 Na5 13. Bd3 Bb7 14. Ne5 Rc8 15. Bd2 Bd5 16. Rc1 Bxa2 17. c4 Bxe5 18. Bxa5 bxa5 19. Rxe5 Qxd4 20. Rxa5 Bxc4 21. Bxc4 Rxc4 22. Qxd4 Rxd4 23. Rxa7 e6 24. Rcc7 h5 25. g3 h4 26. gxh4 Rxh4 27. Kg2 Rf4 28. Kg3 Rf5 29. Rc3 Kg7 30. Rf3 Rxf3+ 31. Kxf3 Rb8 32. Ra3 f5 33. Kg3 Kf6 34. f4 Rb1 35. Re3 Rg1+ 36. Kf2 Rh1 37. Kg3 Rb1 38. Kf2 Rb4 39. Kg3 Re4 40. Ra3 g5 41. fxg5+ Kxg5 42. Ra8 Re3+ 43. Kg2 e5 44. Rg8+ Kf4 45. h4 Re2+ 46. Kh3 Re1 47. Kg2 Ra1 48. h5 Ra6 49. Rg6 Ra8 50. h6 Rh8 51. Kf2 Ke4 52. Ke2 f4 53. Rf6 Rh7 54. Kf2 Ra7 55. Rg6 Ra2+ 56. Kg1 Ra8 57. h7 Rh8 58. Rh6 Kf3 59. Rh3+ Kg4 60. Rh6 Kg5 61. Rh2 e4 62. Kf2 Kg4 63. Rg2+ Kf5 64. Rh2 Kg6 65. Rh4 Kg5 66. Rh2 Kg4 67. Rg2+ Kf5 68. Rh2 Kf6 69. Rh6+ Kg5 70. Rh4 Kxh4 0-1


[Site "https://www.chess.com"]